 Dungeon Crawl Stone Soup version 0.29.0-4-gdea44cf6ec (webtiles) character file.

Game seed: 16233075346774862210

109 SigmundSlayer the Trooper (level 4, -1/29 HPs)
             Began as a Gargoyle Fighter on Aug 27, 2022.
             Slain by a goblin
             ... wielding a +0 club
             ... led by Robin
              (5 damage)
             ... on level 3 of the Dungeon.
             The game lasted 00:01:37 (2015 turns).

SigmundSlayer the Trooper (Gargoyle Fighter)        Turns: 2015, Time: 00:01:37

Health: -1/29      AC: 10    Str: 19 (21) XL:     4   Next: 89%
Magic:  4/4        EV:  9    Int:  7 (9)  God:
Gold:   137        SH:  4    Dex:  8 (9)  Spells: 3/3 levels left

rFire   . . .      SeeInvis +   a - +0 flail
rCold   . . .      Faith    .   c - +0 buckler
rNeg    + . .      Spirit   .   b - +0 scale mail
rPois   ∞          Reflect  .   (no helmet)
rElec   +          Harm     .   (no cloak)
rCorr   .          Rampage  .   (no gloves)
Will    .....                   (no boots)
Stlth   ..........              (no amulet)
HPRegen 0.09/turn               n - ring of see invisible
MPRegen 0.09/turn               (no ring)

@: mighty, brilliant, attractive
A: sickness immunity, AC +3, negative energy resistance 1, electricity
resistance, torment resistance 1, petrification resistance
a: no special abilities


You were on level 3 of the Dungeon.
You visited 1 branch of the dungeon, and saw 3 of its levels.

You collected 137 gold pieces.

Inventory:

Hand Weapons
 a - a +0 flail (weapon)
Missiles
 i - 6 boomerangs (quivered)
Armour
 b - a +0 scale mail (worn)
 c - a +0 buckler (worn)
Jewellery
 n - a ring of see invisible (left hand)
Scrolls
 f - a scroll of fear {unknown}
 g - a scroll of amnesia {unknown}
 h - a scroll of identify {unknown}
 l - a scroll of enchant armour {unknown}
Potions
 d - a potion of might
 m - a potion of haste {unknown}


   Skills:
 + Level 4.0 Fighting
 + Level 3.2 Maces & Flails
 + Level 4.0 Armour
 + Level 0.8 Dodging
 + Level 3.7 Shields


You had 3 spell levels left.
You didn't know any spells.
Your spell library contained the following spells:

 Spells                   Type           Power      Damage    Failure   Level
 Beastly Appendage        Tmut           0%         N/A       87%         1
 Foxfire                  Conj/Fire      0%         2x1d4     87%         1
 Slow                     Hex            0%         N/A       87%         1
 Wereblood                Tmut           0%         N/A       95%         2
 Conjure Flame            Conj/Fire      0%         6-21      99%         3
 Inner Flame              Hex/Fire       0%         N/A       99%         3
 Spider Form              Tmut/Pois      0%         N/A       99%         3
 Flame Wave               Conj/Fire      0%         2d4       100%        4


Dungeon Overview and Level Annotations

Branches:
Dungeon (3/15)

Altars:


Innate Abilities, Weirdness & Mutations

You are immune to sickness and miasma.
Your stone body is resilient. (AC +3)
You are immune to poison.
You resist negative energy. (rN+)
You are resistant to electric shocks. (rElec)
You are resistant to unholy torment.
You are immune to petrification.


Message History

Robin says, "My goblins will feast on your bones."
You block the goblin's attack. The goblin hits you with a +0 dagger.
The goblin hits you but does no damage.
You feel very mighty all of a sudden. The goblin hits you but does no damage.
Robin laughs in a distinctly smug fashion.
The goblin closely misses you.
You barely miss the goblin.
The goblin hits you but does no damage. x2
You block the goblin's attack.
You bludgeon Robin!!
You kill Robin!
The goblin no longer looks unusually strong.
The goblin hits you but does no damage. You block the goblin's attack.
The goblin hits you but does no damage. x2; You block the goblin's attack.
The goblin hits you but does no damage. x3
Your Armour skill increases to level 4!
You barely miss the goblin. You block the goblin's attack.
The hobgoblin hits you but does no damage.
The goblin hits you but does no damage. The goblin hits you with a +0 club.
* * * LOW HITPOINT WARNING * * *
The goblin closely misses you.
Unknown command.
It was a potion of attraction.
You feel attractive to monsters. You block the goblin's attack.
The goblin barely misses you. The goblin hits you with a +0 dagger.
* * * LOW HITPOINT WARNING * * *
The goblin hits you but does no damage. You block the hobgoblin's attack.
It was a potion of brilliance.
You feel clever all of a sudden. You block the goblin's attack.
The hobgoblin hits you but does no damage.
The goblin closely misses you. The goblin barely misses you.
The goblin hits you but does no damage.
It was a potion of degeneration.
There was something very wrong with that liquid.
You feel weakened.
You feel dopey.
You feel clumsy. The goblin hits you but does no damage.
The goblin barely misses you. The goblin hits you but does no damage.
The goblin hits you with a +0 club.
You die...

#.# #.#.#.# #.#
#.#.#......# #.#
#.>......# #.# ###.##...#
#.# ...+...# #.#
#.##...#####. #.#
#########.##......... #.#
#..........##g...# #.#
#........#.g@g...# #.#
#........###gg$..#
#.###........####.......#
#........).....<#....##.#
#####........######### #
#........# #........#
#######.... .....


You could see a hobgoblin (strong) and 4 goblins.

Vanquished Creatures
  Terence (D:2)
  Robin (D:3)
  3 adders (D:2)
  2 worms (D:2)
  2 dart slugs (D:1)
  5 ball pythons
  3 bats
  2 endoplasms (D:1)
  5 giant cockroaches
  4 goblins
  A hobgoblin (D:1)
  2 quokkas
  4 frilled lizards
  3 kobolds
  3 rats
41 creatures vanquished.

Notes
Turn   | Place    | Note
-------+----------+-------------------------------------------
     0 | D:1      | SigmundSlayer the Gargoyle Fighter began the quest for the
                  | Orb.
     0 | D:1      | Reached XP level 1. HP: 14/14 MP: 1/1
    88 | D:1      | Reached XP level 2. HP: 13/19 MP: 2/2
   189 | D:1      | Found a faded altar of an unknown god.
   197 | D:1      | Got Plato's Papyrus of Enchantment
   982 | D:2      | Reached XP level 3. HP: 24/24 MP: 3/3
  1000 | D:2      | Noticed Terence
  1021 | D:2      | Killed Terence
  1022 | D:2      | Reached XP level 4. HP: 17/29 MP: 4/4
  1998 | D:3      | Noticed Robin
  2011 | D:3      | Killed Robin
  2015 | D:3      | Slain by a goblin

Illustrated notes

Levels and vault maps discovered:
D:1:      eino_arrival_cavern_a, layout_loops_cross,
          shapermc_ecumenical_altar_rom_forum, minmay_misc_feat_tiny,
          minmay_misc_feat_enclosed
D:2:      layout_basic, interstate_on_off, uniq_terence
D:3:      layout_basic, nicolae_ru_sacrificial_ziggurat,
          overflow_temple_1_default, cheibrodos_worm_habitat, uniq_robin

Skill      XL: |  1  2  3  4 |
---------------+-------------+-----
Fighting       | 4 |  4.0
Maces & Flails | 3 |  3.2
Armour         | 4 |  4.0
Dodging        | |  0.8
Shields        | |  3.7

Action                   |  1- 3 |  4- 6 || total
-------------------------+-------+-------++-------
Melee: Flail             |    75 |    81 ||   156
  Use: Potion            |       |     4 ||     4
Armor: Scale mail        |    42 |    75 ||   117
Dodge: Dodged            |    42 |    54 ||    96
Block: Buckler           |    13 |    28 ||    41
